 Dungeon Crawl Stone Soup version 0.26.0-45-g9c1d065592 (webtiles) character file.

Game seed: 11362437612134394418

276 kaeus the Sneak (level 6, -9/39 HPs)
             Began as an Octopode Enchanter on Jan 29, 2021.
             Mangled by an ogre
             ... wielding a +0 giant club
              (14 damage)
             ... on level 4 of the Dungeon.
             The game lasted 00:02:57 (3836 turns).

kaeus the Sneak (Octopode Enchanter)                Turns: 3836, Time: 00:02:58

Health: -9/39      AC:  1    Str:  7    XL:     6   Next: 25%
Magic:  10/10      EV: 18    Int: 17    God:
Gold:   77         SH:  0    Dex: 15    Spells: 9/10 levels left

rFire    . . .     SeeInvis +   a - +1 dagger
rCold    . . .     Faith    .   (no shield)
rNeg     . . .     Spirit   .   (helmet restricted)
rPois    .         Reflect  .   (no amulet)
rElec    .         Harm     .   j - ring of see invisible
rCorr    .         Rampage  .   g - +4 ring of evasion
Will     .....                  (no ring)
Stlth    ++++......             (no ring)
HPRegen  0.13/turn              (no ring)
MPRegen  0.12/turn              (no ring)
                                (no ring)
                                (no ring)

@: no status effects
A: almost no armour, stealthy swim, amphibious, 8 rings, constrict 8, camouflage
1, gelatinous body 1
a: no special abilities


You were on level 4 of the Dungeon.
You visited 1 branch of the dungeon, and saw 4 of its levels.

You collected 77 gold pieces.

Inventory:

Hand Weapons
 a - a +1 dagger (weapon)
Jewellery
 g - a +4 ring of evasion (right tentacle)
 j - a ring of see invisible (left tentacle)
Scrolls
 b - a scroll of teleportation {unknown}
 c - 3 scrolls of blinking {unknown}
 d - a scroll of fear {unknown}
 e - 3 scrolls of remove curse {unknown}
 h - a scroll of random uselessness {unknown}
 i - a scroll of amnesia {unknown}
 l - a scroll of immolation {unknown}
Potions
 f - a potion of magic {unknown}
 k - a potion of curing {unknown}
 m - a potion of attraction {unknown}
 n - a potion of ambrosia {unknown}


   Skills:
 + Level 2.0 Fighting
 + Level 2.5 Short Blades
 + Level 3.2 Dodging
 + Level 5.4 Stealth
 + Level 2.9 Spellcasting
 + Level 3.8 Hexes


You had 9 spell levels left.
You knew the following spells:

 Your Spells              Type           Power        Failure   Level
a - Corona                Hex            16%          3%          1

Your spell library contained the following spells:

 Spells                   Type           Power        Failure   Level
 Confusing Touch          Hex            15%          11%         3
 Tukima's Dance           Hex            15%          11%         3
 Ensorcelled Hibernation  Hex/Ice        16%          12%         2
 Dazzling Flash           Conj/Hex       16%          24%         3


Dungeon Overview and Level Annotations

Branches:
Dungeon (3/15)             Temple (0/1) D:4

Altars:
Elyvilon
Fedhas
Sif Muna
Zin


Innate Abilities, Weirdness & Mutations

You cannot wear most types of armour.
You are very stealthy in the water. (Stealth+)
You are amphibious.
You can wear up to eight rings at the same time.
You can use your tentacles to constrict eight enemies at once.
Your skin changes colour to match your surroundings (Stealth+).
Your rubbery body absorbs attacks. (AC +1, EV +1)


Message History

The ogre is almost dead.
You barely miss the ogre.
The ogre is almost dead.
The ogre barely misses you.
You hit the ogre.
The ogre is almost dead.
The ogre hits you with a +0 giant club!
* * * LOW HITPOINT WARNING * * *
You take 17 damage, and have 5/39 hp.
MASSIVE DAMAGE!!
You hit the ogre but do no damage.
The ogre is almost dead.
You barely miss the ogre. Your squeeze misses the ogre.
The ogre is almost dead.
The ogre misses you.
A howler monkey comes into view.
The howler monkey howls!
You hit the ogre.
The ogre is almost dead.
The ogre hits you with a +0 giant club!
You die...

#.. #.# #.#### .....# #
# #.##.# #.# #.##.# ####
#.# #.##.# #...
..##.####.#.##.##.###.##
......O@.###............
.h$..####.#.####[.######
.....#####.## #..# # .
.........# #..# #
#..#####.# #>.# ####
#.#####..# #...
#........# #(##
#######.## #.## #.####.#


You could see an ogre and a howler monkey.

Vanquished Creatures
  An ogre (D:4)
  Terence (D:2)
  2 worker ants
  4 gnolls (D:2)
  An adder (D:2)
  4 worms (D:2)
  3 leopard geckos
  4 bats
  2 giant cockroaches
  7 goblins
  5 hobgoblins
  11 jackals
  2 quokkas (D:2)
  2 frilled lizards (D:1)
  2 kobolds (D:3)
  8 rats
59 creatures vanquished.

Notes
Turn   | Place    | Note
-------+----------+-------------------------------------------
     0 | D:1      | kaeus the Octopode Enchanter began the quest for the Orb.
     0 | D:1      | Reached XP level 1. HP: 11/11 MP: 3/3
   175 | D:1      | Reached XP level 2. HP: 17/17 MP: 5/5
   178 | D:1      | You fall into a shaft and drop 1 floor!
   428 | D:1      | Reached XP level 3. HP: 5/22 MP: 6/6
  1258 | D:2      | Noticed Terence
  1666 | D:2      | Reached skill level 1 in Fighting
  1731 | D:2      | Reached XP level 4. HP: 17/28 MP: 7/7
  2253 | D:2      | Found a shimmering blue altar of Sif Muna.
  2256 | D:2      | Found a glowing silver altar of Zin.
  2262 | D:2      | Found a blossoming altar of Fedhas.
  2552 | D:2      | Killed Terence
  2765 | D:2      | Reached skill level 5 in Stealth
  2765 | D:2      | Reached XP level 5. HP: 13/33 MP: 8/8
  3152 | D:3      | Found a white marble altar of Elyvilon.
  3291 | D:3      | You fall into a shaft and drop 1 floor!
  3617 | D:4      | Found a staircase to the Ecumenical Temple.
  3815 | D:4      | Noticed an ogre
  3815 | D:4      | Noticed an ogre
  3822 | D:4      | Killed an ogre
  3823 | D:4      | Reached XP level 6. HP: 39/39 MP: 10/10
  3836 | D:4      | Mangled by an ogre

Illustrated notes

Levels and vault maps discovered:
D:1:      sevenhm_arrival_forest_fort_large_4, layout_basic,
          minmay_misc_feat_pillars
D:2:      layout_basic, grunt_temple_overflow_diamond, uniq_terence
D:3:      layout_rooms, marbit_many_paths, nicolae_ru_awakened_eye, hex_medium,
          uniq_grinder
D:4:      layout_loops_ring, minmay_temple_entry_from_below_a

Skill      XL: |  1  2  3  4  5 |
---------------+----------------+-----
Fighting       | 1 2 |  2.0
Short Blades   | 2 |  2.5
Stealth        | 5 |  5.4
Dodging        | 3 |  3.2
Spellcasting   | |  2.9
Hexes          | |  3.8

Action                   |  1- 3 |  4- 6 || total
-------------------------+-------+-------++-------
Melee: Dagger            |    76 |    99 ||   175
       Constrict         |    21 |    17 ||    38
       Tentacles         |     8 |    16 ||    24
  Use: Potion            |       |     1 ||     1
 Stab: Sleeping          |    14 |     5 ||    19
Armor: Skin              |     3 |     1 ||     4
Dodge: Dodged            |    43 |    54 ||    97
